AoeStats
← zamithdaniel

MegaRandom

508803429Analyzed
3v3 RM · 9d ago on Sep 24, 2026· 60m 26s· 6 players
Game mode
Random Map
Map size
Normal (6 player)
Population
200
Speed
Normal
Resources
Standard
Victory
Conquest
Starting age
Dark Age
Ending age
Imperial Age
RankedLock teamsTeams togetherTeam positionsShared explorationLock speedFull tech treeHidden civsTurbo modeCheats
Victory
Defeat
🇸🇪 Persians · Sweden
975
+14
🇦🇷 Ethiopians · Argentina
929
+16
🇨🇦 Armenians · Canada
920
+16
🇨🇴 Turks · Colombia
971
-16
🇨🇴 Franks · Colombia
918
-15
🇨🇴 Slavs · Colombia
908
-15
Gautier Sans-Avoir
8:27 Loom
10:47 Feudal Age
11:14 Double-Bit Axe
15:53 Castle Age
14:34 Horse Collar
16:47 Heavy Plow
20:01 Bow Saw
24:36 Stone Mining
24:37 Gold Mining
28:21 Wheelbarrow
27:32 Town Watch
28:27 Kamandaran
28:01 Crossbowman
29:45 Fletching
29:56 Padded Archer Armor
30:42 Bodkin Arrow
32:00 Thumb Ring
32:15 Leather Archer Armor
33:16 Ballistics
33:47 Scale Barding Armor
33:53 Forging
34:24 Hand Cart
35:22 Husbandry
35:32 Bloodlines
34:43 Light Cavalry
36:22 Chain Barding Armor
37:03 Iron Casting
37:23 Gold Shaft Mining
38:02 Masonry
37:49 Murder Holes
40:43 Imperial Age
38:25 Devotion
39:33 Scale Mail Armor
42:01 Plate Barding Armor
42:27 Blast Furnace
41:58 Ring Archer Armor
42:32 Chemistry
42:02 Architecture
41:55 Faith
42:26 Conscription
42:42 Hoardings
44:05 Elite War Elephant
45:51 Two-Man Saw
45:44 Crop Rotation
46:54 Chain Mail Armor
46:03 Hussar
54:57 Guard Tower
55:19 Citadels
55:12 Town Patrol
55:28 Guilds
54:44 Elite Skirmisher
55:54 Parthian Tactics
54:55 Man-at-Arms
54:55 Pikeman
55:21 Gambesons
55:36 Squires
55:22 Arson
56:10 Plate Mail Armor
55:42 Caravan
55:06 Cavalier
55:06 Heavy Camel Rider
iachen
11:36 Feudal Age
13:18 Arson
12:53 Man-at-Arms
14:39 Double-Bit Axe
17:14 Gold Mining
17:43 Long Swordsman
21:37 Forging
21:27 Scale Mail Armor
24:00 Pikeman
28:18 Wheelbarrow
34:20 Castle Age
35:31 Squires
35:16 Gambesons
35:18 Halberdier
38:25 Two-Handed Swordsman
47:37 Iron Casting
51:51 Champion
53:37 Horse Collar
58:25 Imperial Age
58:29 Capped Ram
Big Papi
10:25 Feudal Age
9:12 Loom
10:53 Double-Bit Axe
12:48 Horse Collar
19:47 Castle Age
18:28 Gold Mining
18:31 Stone Mining
19:26 Fletching
19:52 Forging
21:17 Squires
21:37 Bow Saw
21:35 Heavy Plow
22:43 Iron Casting
22:28 Arson
22:47 Scale Mail Armor
23:11 Fletching
24:15 Gold Shaft Mining
25:48 Wheelbarrow
25:00 Town Watch
28:33 Murder Holes
31:29 Hand Cart
33:11 Royal Heirs
36:32 Ballistics
39:19 Imperial Age
40:22 Conscription
41:30 Stone Shaft Mining
43:23 Ballistics
45:17 Chemistry
45:21 Two-Man Saw
43:45 Capped Ram
47:23 Blast Furnace
46:48 Elite Shotel Warrior
49:12 Masonry
50:43 Torsion Engines
51:44 Scale Mail Armor
52:44 Town Patrol
53:06 Chain Mail Armor
52:47 Bodkin Arrow
52:53 Padded Archer Armor
52:56 Guard Tower
55:32 Fortified Wall
59:56 Plate Mail Armor
59:27 Bracer
59:43 Leather Archer Armor
59:36 Scale Barding Armor
60:05 Architecture
edwinsy22
0:39 Loom
13:02 Feudal Age
14:54 Fishing Lines
18:55 Castle Age
22:20 Husbandry
39:30 Double-Bit Axe
41:34 Gold Mining
43:17 Gold Shaft Mining
43:03 Stone Mining
43:39 Bow Saw
44:18 Scale Barding Armor
44:24 Forging
44:30 Husbandry
48:05 Imperial Age
46:03 Chain Barding Armor
45:07 Ordonnance Companies
48:43 Iron Casting
zamithdaniel
13:50 Feudal Age
14:58 Double-Bit Axe
15:02 Horse Collar
15:50 Loom
19:57 Castle Age
20:10 Scale Barding Armor
20:16 Forging
28:47 Stone Mining
28:48 Gold Mining
28:55 Gold Mining
31:37 Bow Saw
31:38 Padded Archer Armor
32:48 Iron Casting
32:35 Chain Barding Armor
35:00 Leather Archer Armor
44:05 Heavy Plow
47:11 Imperial Age
47:15 Elite Janissary
48:32 Ring Archer Armor
andres simijaca
8:36 Loom
11:00 Feudal Age
11:29 Double-Bit Axe
13:12 Horse Collar
14:08 Stone Mining
21:41 Castle Age
22:11 Pikeman
23:10 Fletching
22:47 Man-at-Arms
24:32 Bodkin Arrow
26:16 Forging
26:24 Gold Mining
27:57 Scale Barding Armor
28:35 Padded Archer Armor
30:57 Leather Archer Armor
32:33 Heavy Plow
33:36 Chain Barding Armor
34:59 Iron Casting
37:25 Scale Mail Armor
40:12 Detinets
44:58 Imperial Age
45:36 Wheelbarrow
47:20 Squires
47:52 Town Watch
48:38 Halberdier
50:38 Wheelbarrow
52:13 Elite Skirmisher
54:39 Gold Shaft Mining
56:43 Ballistics
56:20 Fishing Lines
57:38 Bow Saw
Connection lost

Rejoining the realm…

Still unreachable

The connection could not be restored.

Session expired

The server has moved on; the page needs a fresh start.